 Dungeon Sprint DCSS version 0.19.1 (webtiles) character file.

558 KingBobo974 the Spear-Bearer (level 7, -7/60 HPs)
             Began as a Demonspawn Gladiator on Dec 10, 2016.
             Was an Initiate of Okawaru.
             Mangled by Sonja
             ... wielding a +2 short sword of distortion
              (19 damage)
             ... in the Dungeon (Sprint I: "Red Sonja").
             The game lasted 00:05:42 (1054 turns).

KingBobo974 the Spear-Bearer (Demonspawn Gladiator) Turns: 1054, Time: 00:05:44

Health: -7/60      AC:  6    Str: 17    XL:     7   Next: 9%
Magic:  7/7        EV: 17    Int: 10    God:    Okawaru [......]
Gold:   265        SH:  2    Dex: 13    Spells: 0 memorised, 6 levels left

rFire  . . .     SeeInvis .     l - +0 scythe
rCold  . . .     Gourm    .     n - +1 leather armour {MR+}
rNeg   . . .     Faith    .     (shield currently unavailable)
rPois  .         Spirit   .     (helmet restricted)
rElec  .         Reflect  +     (no cloak)
rCorr  .         Harm     .     (no gloves)
MR     +....     NoTele   +     (no boots)
Stlth  +.........               m - +2 amulet of reflection
                                (no ring)
                                (no ring)

@: lethally poisoned (-7 -> -17), very slightly contaminated, hasted and slowed
A: horns 1, thin metallic scales 1, demonic guardian 1
a: Renounce Religion


You were in the Dungeon.
You worshipped Okawaru.
Okawaru was noncommittal.
You were hungry.

You visited 1 branch You collected 405 gold pieces.
You spent 140 gold pieces at shops.

Inventory:

Hand Weapons
 a - a +0 trident
 l - a +0 scythe (weapon)
Armour
 b - a +0 leather armour
 c - a +0 helmet
 n - a +1 leather armour of magic resistance (worn)
Jewellery
 m - a +2 amulet of reflection (around neck)
Wands
 j - a wand of digging (10/24)
Potions
 e - a potion of curing
 i - 2 potions of magic
Comestibles
 f - a bread ration


   Skills:
 + Level 7.1 Fighting
 * Level 9.3 Polearms
 - Level 1.7 Throwing
 * Level 9.3 Dodging


You had 6 spell levels left.
You didn't know any spells.

Dungeon Overview and Level Annotations

Branches:
Dungeon (1/1)

Altars:
Cheibriados
Dithmenos
Elyvilon
Fedhas
Gozag
Hepliaklqana
Kikubaaqudgha
Makhleb
Nemelex Xobeh
Okawaru
Qazlal
Ru
Sif Muna
Trog
Uskayaw
Vehumet
Xom
Yredelemnul
Zin
The Shining One
Jiyva
Lugonu

Shops:
D [

Annotations:
D Sonja


Innate Abilities, Weirdness & Mutations

You have a pair of small horns on your head.
You are partially covered in thin metallic scales. (AC +2)
A weak demonic guardian rushes to your aid.


Message History

There is an open door here.
You miss Sonja.
Sonja is heavily wounded.
You feel sick.
Sonja mumbles some strange words.
Sonja blinks!
Sonja gestures wildly while chanting.
Sonja blinks!
You feel sick.
Throwing (i - inventory):
d - a throwing net (quivered)
Press: ? - help, Shift-Dir - straight line, f - Sonja
Aim: Sonja, wielding a short sword of distortion (heavily wounded)
You throw a throwing net.
The throwing net completely misses Sonja.
You feel sick.
Sonja shouts, "Too slow!"
Sonja hits you with an uncursed short sword of distortion.
* * * LOW HITPOINT WARNING * * *
Space warps horribly around you!
You die...

######################
#<.#..)..#..'.(#__#..+
#..').#..'[.#.§'..'..#
#..#####'#####K#__####
#..####..#...#@####
#..#__####..##[#
#..#_____##'#..+
#⌠⌠#_.∩...'.(._#
####_..__##_(#'#
#_____###'#(# #######
#.### $.$ $.$


You could see Sonja.

Vanquished Creatures
  A slime creature (D)
  Sigmund (D)
  A yak (D)
  An ogre (D)
  A jelly (D)
  Ijyb (D)
6 creatures vanquished.

Vanquished Creatures (others)
  A gargoyle (D)
1 creature vanquished.

Grand Total: 7 creatures vanquished

Notes
Turn   | Place    | Note
-------+----------+-------------------------------------------
     0 | D        | KingBobo974 the Demonspawn Gladiator began the quest for the Orb.
     0 | D        | Reached XP level 1. HP: 16/16 MP: 1/1
     2 | D        | Noticed Ijyb
    28 | D        | Killed Ijyb
    28 | D        | Gained mutation: A weak demonic guardian rushes to your aid. [demonic ancestry]
    28 | D        | Reached XP level 2. HP: 8/24 MP: 2/2
   324 | D        | Noticed an ogre
   329 | D        | Killed an ogre
   329 | D        | Reached skill level 5 in Polearms
   329 | D        | Reached skill level 5 in Dodging
   329 | D        | Gained mutation: You are partially covered in thin metallic scales. (AC +2) [demonic ancestry]
   329 | D        | Reached XP level 3. HP: 31/31 MP: 3/3
   329 | D        | Reached XP level 4. HP: 38/38 MP: 4/4
   343 | D        | Noticed Sigmund
   353 | D        | Killed Sigmund
   353 | D        | Reached skill level 5 in Fighting
   353 | D        | Reached XP level 5. HP: 28/44 MP: 5/5
   576 | D        | Found a burning altar of Makhleb.
   576 | D        | Found a viscous altar of Jiyva.
   576 | D        | Found a shimmering altar of Xom.
   576 | D        | Found a corrupted altar of Lugonu.
   576 | D        | Noticed a slime creature
   590 | D        | Killed a slime creature
   590 | D        | Reached XP level 6. HP: 17/53 MP: 6/6
   613 | D        | Found a deep blue altar of Sif Muna.
   615 | D        | Found a radiant altar of Vehumet.
   917 | D        | Killed a gargoyle
   987 | D        | Found Redeolixef's Armour Emporium.
   987 | D        | Found an ancient bone altar of Kikubaaqudgha.
   987 | D        | Found a hazy altar of Hepliaklqana.
   987 | D        | Found a stormy altar of Qazlal.
   987 | D        | Found a hide-covered altar of Uskayaw.
   987 | D        | Found a blossoming altar of Fedhas.
   987 | D        | Found a bloodstained altar of Trog.
   987 | D        | Found an iron altar of Okawaru.
   987 | D        | Found a basalt altar of Yredelemnul.
   987 | D        | Found a glowing golden altar of the Shining One.
   987 | D        | Found a snail-covered altar of Cheibriados.
   987 | D        | Found a sacrificial altar of Ru.
   987 | D        | Found a glowing silver altar of Zin.
   987 | D        | Found a shadowy altar of Dithmenos.
   987 | D        | Found a white marble altar of Elyvilon.
   987 | D        | Noticed a yak
   992 | D        | Killed a yak
   992 | D        | Gained mutation: You have a pair of small horns on your head. [demonic ancestry]
   992 | D        | Reached XP level 7. HP: 60/60 MP: 7/7
   993 | D        | Found an opulent altar of Gozag.
   994 | D        | Found a sparkling altar of Nemelex Xobeh.
  1000 | D        | Became a worshipper of Warmaster Okawaru
  1007 | D        | Bought a +1 leather armour of magic resistance for 140 gold pieces
  1042 | D        | Noticed Sonja
  1054 | D        | Mangled by Sonja

Skill      XL: |  1  2  3  4  5  6 |
---------------+-------------------+-----
Fighting       | 3 4 5 6 7 |  7.1
Polearms       | 4 5 7 8 9 |  9.3
Dodging        | 4 5 7 8 9 |  9.3
Throwing       | |  1.7

Action                   |  1- 3 |  4- 6 |  7- 9 || total
-------------------------+-------+-------+-------++-------
Melee: Trident           |    29 |     6 |       ||    35
       Scythe            |       |    17 |     4 ||    21
Throw: Throwing net      |       |     3 |     1 ||     4
  Use: Potion            |     1 |       |     2 ||     3
       Scroll            |       |       |     1 ||     1
 Stab: Distracted        |       |     2 |       ||     2
       Sleeping          |       |     1 |       ||     1
       Held in net/web   |       |     1 |       ||     1
Armor: Leather armour    |     9 |     5 |     1 ||    15
Dodge: Dodged            |     7 |    10 |     9 ||    26
Block: Other             |       |       |     2 ||     2
